General information
- name: BNet
- type: Ladder team game (AT/RT)
- host: Battle.net
- saver: 194
map: FullScaleAssault
- players: 8
- length: 28:11
- speed: Fast
- version: 1.23 W3XP
- replay type: Public
» download(268 KB)
Players
team 1 (winner)
194 (
green | 56 APM | 1589 actions | 28:10)
4 Archmage
2 Blizzard
2 Brilliance Aura
» actions
| Assign group hotkey | 44 | |
| Basic commands | 28 | |
| Build / train | 111 | |
| ESC pressed | 1 | |
| Enter build submenu | 37 | |
| Enter hero's abilities submenu | 4 | |
| Remove unit from queue | 2 | |
| Right click | 640 | |
| Select / deselect | 359 | |
| Select group hotkey | 270 | |
| Use ability | 93 | |
1589 total
» units
| Peasant | 21 | |
| Sorceress | 2 | |
| Goblin Zeppelin | 1 | |
| Mortar Team | 11 | |
| Flying Machine | 22 | |
57 total
» upgrades
| Masonry | 4 | |
| Lumber Harvesting | 1 | |
| Magic Sentry | 1 | |
| Sorceress Training | 2 | |
| Gunpowder | 3 | |
| Fragmentation Shards | 1 | |
| Flare | 1 | |
| Plating | 2 | |
| Flak Cannons | 1 | |
16 total
» buildings
| Altar of Kings | 1 | |
| Farm | 8 | |
| Lumber Mill | 1 | |
| Scout Tower | 23 | |
| Arcane Tower | 3 | |
| Guard Tower | 16 | |
| Arcane Vault | 1 | |
| Keep | 1 | |
| Town Hall | 2 | |
| Arcane Sanctum | 1 | |
| Blacksmith | 1 | |
| Castle | 1 | |
| Workshop | 3 | |
62 total
» build order
00:07 Altar of Kings
00:25 Farm
00:42 Lumber Mill
01:39 Scout Tower
02:12 Scout Tower
02:14 Scout Tower
02:20 Arcane Tower
02:24 Farm
02:42 Guard Tower
02:45 Scout Tower
02:46 Scout Tower
02:50 Scout Tower
02:56 Scout Tower
02:58 Scout Tower
03:20 Guard Tower
03:32 Scout Tower
03:33 Scout Tower
03:33 Scout Tower
03:49 Guard Tower
04:04 Arcane Vault
04:09 Arcane Tower
04:13 Guard Tower
04:25 Scout Tower
04:25 Scout Tower
04:27 Scout Tower
04:28 Scout Tower
04:34 Guard Tower
04:46 Scout Tower
04:49 Scout Tower
04:51 Scout Tower
04:52 Scout Tower
04:57 Scout Tower
04:58 Scout Tower
05:01 Scout Tower
05:08 Guard Tower
05:15 Farm
05:19 Guard Tower
05:19 Guard Tower
05:24 Guard Tower
05:24 Guard Tower
05:53 Guard Tower
05:55 Keep
06:11 Guard Tower
06:23 Guard Tower
06:33 Guard Tower
06:35 Arcane Tower
06:42 Scout Tower
07:22 Town Hall
08:47 Farm
08:48 Farm
09:06 Guard Tower
09:06 Guard Tower
09:29 Arcane Sanctum
09:59 Blacksmith
10:14 Castle
11:05 Workshop
11:05 Workshop
11:55 Farm
15:35 Town Hall
20:33 Farm
20:34 Farm
21:17 Workshop
» items
| Lesser Clarity Potion | 1 | |
| Scroll of Town Portal | 1 | |
| Scroll of Regeneration | 1 | |
| Boots of Speed | 1 | |
| Potion of Lesser Invulnerability | 1 | |
5 total
ASSsex (
teal | 97 APM | 2742 actions | 28:09)
8 Blood Mage
3 Flame Strike
3 Siphon Mana
1 Summon Phoenix
1 Banish
» actions
| Assign group hotkey | 22 | |
| Basic commands | 107 | |
| Build / train | 107 | |
| Enter build submenu | 45 | |
| Enter hero's abilities submenu | 9 | |
| Give item / drop item | 7 | |
| Right click | 1035 | |
| Select / deselect | 368 | |
| Select group hotkey | 875 | |
| Use ability | 167 | |
2742 total
» units
| Peasant | 14 | |
| Goblin Shredder | 1 | |
| Gryphon Rider | 9 | |
| Dragonhawk Rider | 4 | |
| Flying Machine | 1 | |
29 total
» upgrades
| Masonry | 3 | |
| Lumber Harvesting | 1 | |
| Swords | 3 | |
| Armor | 3 | |
| Storm Hammers | 1 | |
| Cloud | 1 | |
| Animal War Training | 1 | |
13 total
» buildings
| Altar of Kings | 1 | |
| Farm | 14 | |
| Lumber Mill | 1 | |
| Scout Tower | 16 | |
| Guard Tower | 14 | |
| Arcane Tower | 1 | |
| Town Hall | 1 | |
| Keep | 2 | |
| Blacksmith | 1 | |
| Castle | 2 | |
| Gryphon Aviary | 4 | |
| Arcane Vault | 1 | |
| Barracks | 1 | |
| Workshop | 1 | |
60 total
» build order
00:19 Altar of Kings
00:22 Farm
00:34 Lumber Mill
01:48 Farm
01:59 Scout Tower
02:06 Scout Tower
02:14 Scout Tower
02:29 Scout Tower
02:33 Guard Tower
02:38 Arcane Tower
02:42 Guard Tower
02:42 Guard Tower
02:45 Scout Tower
02:51 Scout Tower
03:00 Guard Tower
03:00 Guard Tower
03:03 Scout Tower
03:29 Guard Tower
03:46 Town Hall
04:01 Scout Tower
04:02 Scout Tower
04:32 Keep
04:33 Keep
04:46 Guard Tower
05:08 Guard Tower
05:43 Blacksmith
06:34 Farm
06:35 Farm
07:15 Castle
08:01 Gryphon Aviary
08:02 Gryphon Aviary
08:03 Gryphon Aviary
08:37 Arcane Vault
10:01 Barracks
10:26 Scout Tower
10:27 Scout Tower
11:29 Guard Tower
11:30 Scout Tower
12:05 Farm
12:05 Guard Tower
12:19 Farm
12:53 Scout Tower
13:24 Guard Tower
13:25 Scout Tower
13:54 Guard Tower
15:14 Gryphon Aviary
15:34 Scout Tower
15:35 Scout Tower
16:11 Farm
16:11 Farm
16:37 Guard Tower
16:42 Farm
19:16 Workshop
19:46 Farm
19:47 Farm
21:02 Farm
21:03 Farm
21:04 Farm
» items
| Scroll of Regeneration | 8 | |
| Lesser Clarity Potion | 3 | |
| Potion of Invisibility | 4 | |
| Scroll of Town Portal | 9 | |
| Potion of Lesser Invulnerability | 1 | |
| Staff of Teleportation | 1 | |
| Potion of Healing | 2 | |
| Orb of Fire | 1 | |
| Orb of Corruption | 1 | |
30 total
FFA.SMERBECK (
purple | 79 APM | 2237 actions | 28:09)
5 Death Knight
3 Death Coil
2 Unholy Aura
4 Pandaren Brewmaster
2 Breath of Fire
2 Drunken Haze
4 Dreadlord
2 Sleep
1 Vampiric Aura
1 Carrion Swarm
» actions
| Assign group hotkey | 34 | |
| Basic commands | 270 | |
| Build / train | 112 | |
| ESC pressed | 5 | |
| Enter build submenu | 24 | |
| Enter hero's abilities submenu | 13 | |
| Give item / drop item | 6 | |
| Remove unit from queue | 1 | |
| Right click | 753 | |
| Select / deselect | 367 | |
| Select group hotkey | 495 | |
| Use ability | 157 | |
2237 total
» units
| Acolyte | 12 | |
| Ghoul | 4 | |
| Crypt Fiend | 6 | |
| Frost Wyrm | 12 | |
| Blue Dragon | 8 | |
42 total
» upgrades
| Creature Attack | 3 | |
| Creature Carapace | 3 | |
| Web | 1 | |
7 total
» buildings
| Graveyard | 1 | |
| Crypt | 1 | |
| Ziggurat | 8 | |
| Altar of Darkness | 1 | |
| Tomb of Relics | 2 | |
| Nerubian Tower | 2 | |
| Halls of the Dead | 3 | |
| Necropolis | 1 | |
| Black Citadel | 1 | |
| Sacrificial Pit | 1 | |
| Boneyard | 2 | |
23 total
» build order
00:10 Graveyard
00:24 Crypt
00:42 Ziggurat
01:02 Altar of Darkness
01:16 Tomb of Relics
01:30 Tomb of Relics
02:09 Ziggurat
02:13 Nerubian Tower
02:13 Nerubian Tower
05:25 Halls of the Dead
05:25 Halls of the Dead
06:03 Necropolis
06:17 Ziggurat
07:54 Black Citadel
08:14 Sacrificial Pit
10:50 Boneyard
11:39 Boneyard
12:58 Ziggurat
12:58 Ziggurat
12:59 Ziggurat
21:03 Ziggurat
21:04 Ziggurat
» items
| Rod of Necromancy | 2 | |
| Boots of Speed | 2 | |
| Potion of Lesser Invulnerability | 1 | |
| Scroll of Protection | 5 | |
| Scroll of Healing | 7 | |
| Periapt of Vitality | 1 | |
| Scroll of Town Portal | 6 | |
| Staff of Teleportation | 1 | |
| Staff of Sanctuary | 1 | |
| Potion of Healing | 2 | |
| Potion of Mana | 2 | |
30 total

»
TheNumber1-B (
yellow | 62 APM | 1742 actions | 28:09)
5 Mountain King
3 Storm Bolt
2 Bash
» actions
| Assign group hotkey | 51 | |
| Basic commands | 15 | |
| Build / train | 97 | |
| ESC pressed | 1 | |
| Enter build submenu | 74 | |
| Enter hero's abilities submenu | 6 | |
| Give item / drop item | 1 | |
| Right click | 675 | |
| Select / deselect | 250 | |
| Select group hotkey | 443 | |
| Use ability | 129 | |
1742 total
» units
| Peasant | 19 | |
| Goblin Shredder | 1 | |
| Gryphon Rider | 9 | |
| Priest | 2 | |
31 total
» upgrades
| Masonry | 3 | |
| Magic Sentry | 1 | |
| Lumber Harvesting | 2 | |
| Swords | 3 | |
| Storm Hammers | 1 | |
| Armor | 2 | |
12 total
» buildings
| Altar of Kings | 1 | |
| Farm | 12 | |
| Lumber Mill | 4 | |
| Scout Tower | 57 | |
| Arcane Tower | 4 | |
| Guard Tower | 27 | |
| Keep | 4 | |
| Arcane Vault | 2 | |
| Castle | 1 | |
| Arcane Sanctum | 1 | |
| Town Hall | 2 | |
| Gryphon Aviary | 3 | |
| Blacksmith | 1 | |
119 total
» build order
00:13 Altar of Kings
00:21 Farm
00:37 Lumber Mill
01:05 Farm
01:18 Scout Tower
01:49 Farm
02:16 Scout Tower
02:33 Arcane Tower
02:36 Scout Tower
02:49 Guard Tower
02:51 Scout Tower
03:08 Guard Tower
03:10 Scout Tower
03:24 Guard Tower
03:27 Scout Tower
03:32 Arcane Tower
03:40 Guard Tower
03:44 Scout Tower
03:45 Scout Tower
03:51 Scout Tower
03:53 Scout Tower
03:55 Scout Tower
04:13 Guard Tower
04:16 Scout Tower
04:20 Keep
04:20 Keep
04:29 Guard Tower
04:42 Guard Tower
04:49 Scout Tower
04:51 Scout Tower
04:52 Scout Tower
05:07 Guard Tower
05:24 Guard Tower
05:27 Scout Tower
05:29 Scout Tower
05:30 Scout Tower
05:47 Arcane Vault
05:51 Scout Tower
05:52 Scout Tower
05:53 Scout Tower
05:55 Scout Tower
05:56 Scout Tower
06:07 Guard Tower
06:13 Lumber Mill
06:18 Arcane Vault
06:25 Farm
07:25 Scout Tower
07:26 Scout Tower
07:53 Scout Tower
07:54 Scout Tower
07:56 Scout Tower
07:57 Scout Tower
07:58 Scout Tower
07:59 Scout Tower
08:03 Guard Tower
08:08 Guard Tower
08:50 Guard Tower
09:02 Guard Tower
09:10 Scout Tower
09:11 Scout Tower
09:24 Guard Tower
09:31 Scout Tower
09:34 Scout Tower
09:36 Scout Tower
09:37 Scout Tower
09:38 Scout Tower
09:41 Arcane Tower
09:45 Castle
09:48 Arcane Sanctum
10:36 Town Hall
10:38 Scout Tower
10:55 Guard Tower
11:18 Guard Tower
11:20 Guard Tower
12:16 Guard Tower
12:22 Scout Tower
12:23 Scout Tower
12:26 Scout Tower
12:59 Gryphon Aviary
13:01 Gryphon Aviary
13:27 Guard Tower
13:35 Blacksmith
13:44 Farm
14:18 Scout Tower
14:20 Scout Tower
14:22 Scout Tower
14:24 Scout Tower
14:29 Scout Tower
14:30 Scout Tower
14:32 Scout Tower
14:35 Scout Tower
15:27 Guard Tower
15:37 Scout Tower
15:53 Guard Tower
16:03 Scout Tower
16:05 Scout Tower
16:07 Scout Tower
16:10 Guard Tower
16:15 Scout Tower
16:48 Guard Tower
16:52 Lumber Mill
17:04 Arcane Tower
17:42 Guard Tower
17:45 Scout Tower
17:46 Scout Tower
18:27 Lumber Mill
19:23 Farm
19:25 Gryphon Aviary
20:42 Farm
20:42 Farm
22:27 Farm
22:28 Farm
22:45 Farm
22:45 Farm
25:18 Town Hall
» items
| Scroll of Regeneration | 3 | |
| Lesser Clarity Potion | 2 | |
| Boots of Speed | 1 | |
| Staff of Teleportation | 1 | |
| Orb of Fire | 1 | |
| Staff of Sanctuary | 1 | |
| Scroll of Healing | 1 | |
| Scroll of Town Portal | 1 | |
11 total
team 2 (loser)
3v3RT24-7.365 (
red | 79 APM | 2212 actions | 27:57)
4 Mountain King
2 Storm Bolt
2 Thunder Clap
4 Paladin
2 Holy Light
1 Devotion Aura
1 Divine Shield
» actions
| Assign group hotkey | 11 | |
| Basic commands | 44 | |
| Build / train | 64 | |
| Enter build submenu | 26 | |
| Enter hero's abilities submenu | 8 | |
| Give item / drop item | 1 | |
| Right click | 1509 | |
| Select / deselect | 364 | |
| Select group hotkey | 98 | |
| Use ability | 87 | |
2212 total
» units
| Peasant | 10 | |
| Footman | 6 | |
| Knight | 4 | |
| Mortar Team | 5 | |
| Siege Engine | 6 | |
31 total
» upgrades
| Lumber Harvesting | 2 | |
| Swords | 2 | |
| Plating | 2 | |
| Animal War Training | 1 | |
| Fragmentation Shards | 1 | |
| Barrage | 1 | |
| Gunpowder | 2 | |
11 total
» buildings
| Barracks | 2 | |
| Farm | 13 | |
| Altar of Kings | 2 | |
| Arcane Vault | 1 | |
| Keep | 1 | |
| Lumber Mill | 2 | |
| Scout Tower | 2 | |
| Castle | 1 | |
| Guard Tower | 1 | |
| Blacksmith | 2 | |
| Workshop | 2 | |
29 total
» build order
00:13 Barracks
00:27 Farm
00:39 Altar of Kings
00:41 Altar of Kings
01:02 Farm
01:06 Farm
01:48 Farm
02:25 Farm
02:33 Arcane Vault
03:06 Keep
03:43 Farm
04:14 Lumber Mill
04:23 Farm
05:00 Scout Tower
05:02 Scout Tower
05:11 Farm
05:33 Castle
06:04 Guard Tower
06:56 Blacksmith
07:03 Barracks
08:16 Workshop
08:22 Workshop
09:18 Lumber Mill
10:27 Blacksmith
12:11 Farm
12:56 Farm
13:44 Farm
22:07 Farm
22:52 Farm
» items
| Scroll of Regeneration | 1 | |
| Scroll of Town Portal | 2 | |
3 total
Akaline (
pink | 87 APM | 2430 actions | 27:47)
5 Death Knight
3 Death Coil
2 Unholy Aura
3 Lich
2 Frost Nova
1 Frost Armor
2 Dreadlord
1 Sleep
1 Vampiric Aura
» actions
| Assign group hotkey | 34 | |
| Build / train | 85 | |
| Enter build submenu | 30 | |
| Enter hero's abilities submenu | 10 | |
| Give item / drop item | 2 | |
| Right click | 1048 | |
| Select / deselect | 546 | |
| Select group hotkey | 579 | |
| Use ability | 96 | |
2430 total
» units
| Acolyte | 25 | |
| Ghoul | 5 | |
| Crypt Fiend | 12 | |
| Obsidian Statue | 1 | |
| Frost Wyrm | 5 | |
48 total
» upgrades
| Creature Attack | 3 | |
| Creature Carapace | 3 | |
| Web | 1 | |
| Freezing Breath | 1 | |
8 total
» buildings
| Crypt | 1 | |
| Graveyard | 1 | |
| Altar of Darkness | 1 | |
| Ziggurat | 15 | |
| Tomb of Relics | 3 | |
| Nerubian Tower | 2 | |
| Halls of the Dead | 1 | |
| Necropolis | 2 | |
| Sacrificial Pit | 1 | |
| Black Citadel | 1 | |
| Slaughterhouse | 1 | |
| Spirit Tower | 3 | |
| Boneyard | 2 | |
34 total
» build order
00:05 Crypt
00:13 Graveyard
00:29 Altar of Darkness
00:46 Ziggurat
01:18 Tomb of Relics
01:47 Ziggurat
03:00 Nerubian Tower
04:25 Ziggurat
05:06 Ziggurat
06:45 Halls of the Dead
07:05 Ziggurat
07:09 Ziggurat
07:11 Ziggurat
08:51 Necropolis
09:12 Sacrificial Pit
09:14 Black Citadel
09:32 Ziggurat
10:08 Ziggurat
10:55 Slaughterhouse
11:09 Spirit Tower
11:18 Nerubian Tower
11:18 Ziggurat
11:20 Ziggurat
12:37 Boneyard
13:07 Spirit Tower
13:08 Spirit Tower
13:55 Boneyard
15:59 Necropolis
16:36 Ziggurat
16:38 Ziggurat
16:41 Ziggurat
16:43 Ziggurat
19:49 Tomb of Relics
19:52 Tomb of Relics
» items
| Rod of Necromancy | 1 | |
| Orb of Corruption | 2 | |
| Scroll of Town Portal | 3 | |
| Scroll of Healing | 2 | |
| Potion of Healing | 1 | |
9 total
GnR (
orange | 108 APM | 2992 actions | 27:44)
5 Priestess of the Moon
2 Searing Arrows
3 Trueshot Aura
3 Keeper of the Grove
2 Entangling Roots
1 Thorns Aura
» actions
| Assign group hotkey | 55 | |
| Basic commands | 3 | |
| Build / train | 90 | |
| Enter build submenu | 20 | |
| Enter hero's abilities submenu | 9 | |
| Give item / drop item | 2 | |
| Remove unit from queue | 2 | |
| Right click | 1107 | |
| Select / deselect | 371 | |
| Select group hotkey | 1277 | |
| Use ability | 56 | |
2992 total
» units
| Wisp | 23 | |
| Archer | 5 | |
| Druid of the Talon | 12 | |
| Chimaera | 10 | |
| Blue Drake | 1 | |
| Blue Dragon Whelp | 1 | |
| Hippogryph | 8 | |
60 total
» upgrades
| Improved Bows | 1 | |
| Druid of the Talon Training | 1 | |
| Corrosive Breath | 1 | |
| Reinforced Hides | 3 | |
| Nature's Blessing | 1 | |
| Strength of the Wild | 2 | |
| Well Spring | 1 | |
| Ultravision | 1 | |
| Strength of the Moon | 1 | |
| Moon Armor | 1 | |
13 total
» buildings
| Altar of Elders | 1 | |
| Moon Well | 8 | |
| Ancient of War | 1 | |
| Tree of Ages | 1 | |
| Ancient of Wonders | 1 | |
| Tree of Life | 1 | |
| Tree of Eternity | 1 | |
| Ancient of Wind | 2 | |
| Chimaera Roost | 3 | |
| Hunter's Hall | 1 | |
20 total
» build order
00:06 Altar of Elders
00:21 Moon Well
01:38 Ancient of War
01:43 Moon Well
02:18 Moon Well
03:10 Tree of Ages
04:47 Moon Well
05:15 Ancient of Wonders
05:18 Tree of Life
06:14 Tree of Eternity
06:49 Ancient of Wind
07:27 Moon Well
08:48 Chimaera Roost
08:49 Chimaera Roost
08:50 Chimaera Roost
10:17 Moon Well
10:19 Hunter's Hall
12:02 Moon Well
18:51 Moon Well
24:08 Ancient of Wind
» items
| Scroll of Protection | 1 | |
| Orb of Venom | 1 | |
| Anti-magic Potion | 1 | |
3 total
HoneyBlunt (
blue | 73 APM | 2059 actions | 28:08)
5 Tauren Chieftain
2 War Stomp
3 Endurance Aura
3 Shadow Hunter
2 Hex
1 Healing Wave
3 Dark Ranger
2 Silence
1 Black Arrow
» actions
| Assign group hotkey | 20 | |
| Basic commands | 97 | |
| Build / train | 69 | |
| Enter build submenu | 27 | |
| Enter hero's abilities submenu | 11 | |
| Give item / drop item | 1 | |
| Right click | 1059 | |
| Select / deselect | 302 | |
| Select group hotkey | 321 | |
| Use ability | 152 | |
2059 total
» units
| Peon | 7 | |
| Grunt | 5 | |
| Troll Witch Doctor | 7 | |
| Demolisher | 7 | |
| Goblin Shredder | 1 | |
| Kodo Beast | 1 | |
| Troll Batrider | 5 | |
33 total
» upgrades
| Melee Weapons | 2 | |
| Armor | 2 | |
| Witch Doctor Training | 2 | |
| Reinforced Defenses | 1 | |
| Spirit Walker Training | 1 | |
| Shaman Training | 1 | |
| Burning Oil | 1 | |
| Ranged Weapons | 2 | |
| War Drums Damage Increase | 1 | |
13 total
» buildings
| Orc Burrow | 9 | |
| Altar of Storms | 1 | |
| Barracks | 1 | |
| War Mill | 3 | |
| Voodoo Lounge | 1 | |
| Stronghold | 2 | |
| Watch Tower | 5 | |
| Spirit Lodge | 1 | |
| Fortress | 1 | |
| Beastiary | 5 | |
| Tauren Totem | 2 | |
31 total
» build order
00:19 Orc Burrow
00:37 Altar of Storms
00:50 Barracks
01:06 War Mill
01:12 War Mill
01:51 Orc Burrow
02:11 Voodoo Lounge
04:29 Stronghold
04:29 Stronghold
04:42 Orc Burrow
04:56 Watch Tower
04:58 Watch Tower
06:51 Spirit Lodge
06:52 Fortress
07:31 Beastiary
09:16 Orc Burrow
12:12 Orc Burrow
13:27 Orc Burrow
14:29 Beastiary
14:44 Watch Tower
14:47 Watch Tower
14:47 Watch Tower
16:16 War Mill
18:23 Orc Burrow
22:27 Tauren Totem
22:29 Tauren Totem
23:59 Beastiary
24:02 Beastiary
24:04 Orc Burrow
24:06 Orc Burrow
24:46 Beastiary
» items
| Healing Salve | 2 | |
| Boots of Speed | 1 | |
| Dust of Appearance | 1 | |
| Scroll of Town Portal | 1 | |
| Orb of Lightning | 1 | |
6 total
Chat log
(00:10 / Allies) TheNumber1-B: jill tower wall ?
(00:14 / Allies) 194: yeah
(00:15 / Allies) ASSsex: TOWER WALLLLLLLLLLLLLLLLLL
(00:20 / All) HoneyBlunt: gl hf
(00:28 / All) 194: r u black????
(00:30 / All) 194: ??????????????
(00:33 / All) HoneyBlunt: no
(00:33 / All) FFA.SMERBECK: I'm going to ask you to kindly suck my dick until I cum in your mouth.
(00:47 / All) GnR: hold.. your mom is here
(00:48 / Allies) ASSsex: HEY CUNT GET ON VENT
(00:51 / All) GnR: i have to come on that fucking bitch
(00:53 / All) GnR: you filthy muslim
(01:02 / All) 194: brb
(01:06 / All) 194: BRB
(01:11 / All) ASSsex: BRB GOTTA FEED GRAMPA
(01:11 / All) GnR: didn't say please
(01:32 / All) GnR: let the bitch starve
(01:46 / All) FFA.SMERBECK: green is a bad mannered nigger
(01:51 / All) Akaline: your a nigger
(01:54 / All) GnR: he's a filthy muslim
(01:55 / All) FFA.SMERBECK: You're*
(02:00 / All) GnR: behead him
(02:01 / All) Akaline: YOUR
(02:01 / All) 194: IM NO BAD MANNER
(02:33 / All) FFA.SMERBECK: you're the man!
(02:34 / All) 194: i laugh at the abortion known as christanity
(02:37 / All) 194: euahueUAehuaheuahuAHuHUA
(02:44 / Allies) TheNumber1-B: is that medhi
(02:50 / Allies) 194: no
(02:52 / All) Akaline: you dont know what that means.
(02:53 / Allies) 194: its slayer
(02:58 / Allies) ASSsex: AW SPIT
(03:00 / Allies) TheNumber1-B: new roomate?
(03:05 / Allies) ASSsex: TYEAMCREEP THIS
(03:17 / Allies) 194: u can teamcreep me all day
(03:24 / Allies) FFA.SMERBECK: oo
(03:26 / Allies) ASSsex: DARE TO DREAM
(03:55 / Allies) ASSsex: BUILD A SHOP HERE
(04:06 / Allies) ASSsex: TOWER MAINS THEY SCOUTED
(04:15 / All) ASSsex: ME PROTO ME PROTO
(04:36 / Allies) 194: so dave
(04:41 / Allies) ASSsex: HI
(04:42 / Allies) 194: what kind of wedding do u wanna do
(04:43 / Allies) 194: ???
(04:58 / Allies) ASSsex: ANAL THEMED
(05:02 / Allies) 194: :(
(05:34 / Allies) ASSsex: JK I THINK YOU'
(05:38 / Allies) ASSsex: RE A GROSS PERSON
(05:49 / Allies) 194: ouch
(06:04 / Allies) 194: team creep with me
(06:47 / Allies) ASSsex: KEITH CALLED UA CUNT
(06:54 / Allies) 194: ouch
(06:54 / Allies) TheNumber1-B: on vent
(06:55 / Allies) TheNumber1-B: he did
(07:06 / Allies) ASSsex: THANKS FOR THE ITEM CHUMS
(07:08 / Allies) 194: wtf keith
(07:08 / Allies) 194: tt
(07:13 / Allies) FFA.SMERBECK: shut the fuck up
(07:17 / Allies) 194: fine
(07:35 / Allies) FFA.SMERBECK: im joking obviously
(07:40 / Allies) 194: too late
(07:59 / Allies) FFA.SMERBECK: naw you're too late
(08:06 / Allies) FFA.SMERBECK: 2 weeks to late because i got you pregnant fuck you
(08:15 / Allies) 194: well your too early
(08:22 / Allies) 194: everytime we have sex you come to early
(08:22 / Allies) TheNumber1-B: youre
(08:23 / Allies) FFA.SMERBECK: to quote knife
(08:29 / Allies) FFA.SMERBECK: any time i come is the perfect time
(08:31 / Allies) ASSsex: OOOOOOOOH SHIT
(08:34 / Allies) FFA.SMERBECK: there is no too early
(08:40 / Allies) ASSsex: WHAT A BITCH
(08:45 / Allies) FFA.SMERBECK: jill you're being a BITCH
(08:51 / Allies) FFA.SMERBECK: FUCK
(08:53 / Allies) 194: KEITH YOUR BEING A JERK\
(08:58 / Allies) FFA.SMERBECK: well
(09:03 / Allies) FFA.SMERBECK: you always start it
(09:08 / Allies) 194: do not
(09:13 / Allies) ASSsex: SHE HAS SMALL TITTIES BREAK UP WITH HER
(09:14 / Allies) 194: your just being tough cause daves here
(09:23 / Allies) FFA.SMERBECK: i can say the same.
(09:47 / All) 194: NICE HACK HACKERA
(09:49 / All) 194: SJAJOD
(09:50 / All) 194: HACKS
(10:01 / Allies) FFA.SMERBECK: ill take an apology
(10:05 / Allies) FFA.SMERBECK: whenever yuou throw it
(10:12 / Allies) 194: lick my taint
(10:19 / Allies) FFA.SMERBECK: sure, if you apologize.
(10:33 / Allies) 194: never
(10:35 / Allies) ASSsex: YOU'RE BOTH BEING LITTLE TWATS RIGHT NOW
(10:49 / Allies) 194: sry dave
(11:11 / Allies) FFA.SMERBECK: should i laugh, cry, or wind my watch?
(11:19 / Allies) 194: wind ur watch
(12:01 / Allies) ASSsex: JILL GET LEDGES
(12:06 / Allies) FFA.SMERBECK: GET LEDGES
(12:06 / Allies) FFA.SMERBECK: JILL
(12:12 / Allies) 194: whats ledges???
(12:13 / Allies) 194: std???
(12:19 / Allies) FFA.SMERBECK: yeah
(12:23 / Allies) FFA.SMERBECK: sorry i gave you it
(12:24 / Allies) FFA.SMERBECK: now creep them
(12:30 / Allies) TheNumber1-B: JILL
(12:32 / Allies) TheNumber1-B: HE SAID
(12:36 / Allies) TheNumber1-B: TO GET THE FUCKING LEDGES
(13:32 / All) ASSsex: GRIPPIN WOOD GRAIN
(13:38 / All) 194: my team is full of abusive jerks
(13:53 / All) FFA.SMERBECK: green starts it every time
(13:55 / All) FFA.SMERBECK: and plays it off
(15:46 / Allies) TheNumber1-B: GIMME FUCKIN WOOD
(15:51 / Allies) FFA.SMERBECK: suck my dick
(16:00 / Allies) TheNumber1-B: present it ya niggerfaggot
(17:46 / Allies) 194: didnt even notice
(17:46 / Allies) 194: oops
(18:43 / Allies) FFA.SMERBECK: please.
(18:44 / Allies) FFA.SMERBECK: do something
(18:46 / Allies) FFA.SMERBECK: to bott.
(18:48 / Allies) FFA.SMERBECK: tt
(18:51 / Allies) 194: tried and got raped
(18:55 / Allies) 194: wards everywhere
(19:41 / Allies) ASSsex: GET GYRO
(19:42 / Allies) FFA.SMERBECK: get an army jill
(19:54 / Allies) 194: i am getting gyros
(21:00 / Allies) ASSsex: GET MORTS FOR THOSE TANKS
(21:01 / Allies) ASSsex: JILL
(21:54 / Allies) FFA.SMERBECK: GOLd
(22:04 / Allies) ASSsex: NEED MASS GYRO NOW
(22:41 / Allies) ASSsex: SHARE
(22:41 / Allies) ASSsex: ALL
(23:11 / Allies) ASSsex: GO WITH GYRO
(25:21 / Allies) FFA.SMERBECK: wait for morts
(27:35 / All) Akaline: gg
(27:41 / All) 194: shut up
(27:42 / All) FFA.SMERBECK: nice suicide
(27:50 / All) FFA.SMERBECK: should probably explode those bats honey
(28:06 / All) FFA.SMERBECK: al;most got a wyrm!
(28:07 / All) HoneyBlunt: gg